 Dungeon Crawl Stone Soup version 0.28.0-47-ge53b351184 (webtiles) character file.

Game seed: 8652604027029401656

158 klau3 the Slasher (level 5, -1/47 HPs)
             Began as a Minotaur Berserker on Apr 28, 2022.
             Was a Believer of Trog.
             Slain by an orc
             ... wielding a +0 mace
              (6 damage)
             ... on level 3 of the Dungeon.
             The game lasted 00:07:31 (2416 turns).

klau3 the Slasher (Minotaur Berserker)              Turns: 2416, Time: 00:07:31

Health: -1/47      AC:  8    Str: 24    XL:     5   Next: 16%
Magic:  4/4        EV: 10    Int:  4    God:    Trog [**....]
Gold:   102        SH:  0    Dex:  9    Spells: 4/4 levels left

rFire   . . .      SeeInvis .   a - +1 falchion
rCold   . . .      Faith    .   (no shield)
rNeg    . . .      Spirit   .   k - +0 scale mail
rPois   +          Reflect  .   (helmet restricted)
rElec   .          Harm     .   (no cloak)
rCorr   .          Rampage  .   (no gloves)
Will    .....                   e - +0 pair of boots
Stlth   ..........              (no amulet)
HPRegen 0.15/turn               m - ring of poison resistance
MPRegen 0.09/turn               (no ring)

@: no status effects
A: horns 2, retaliatory headbutt
a: Renounce Religion, Berserk, Trog's Hand


You were on level 3 of the Dungeon.
You worshipped Trog.
Trog was pleased with you.
You visited 1 branch of the dungeon, and saw 3 of its levels.

You collected 102 gold pieces.

Inventory:

Hand Weapons
 a - a +1 falchion (weapon)
 f - a +0 hand axe
 q - a +0 rapier
 t - a +0 falchion
Missiles
 h - 6 poisoned darts (quivered)
Armour
 b - a +0 animal skin
 e - a +0 pair of boots (worn)
 g - a +0 robe
 i - a +0 leather armour
 k - a +0 scale mail (worn)
 u - a +0 ring mail
Jewellery
 m - a ring of poison resistance (left hand)
Wands
 n - a wand of charming (12)
Scrolls
 c - 4 scrolls of teleportation
 d - a scroll of enchant weapon
 p - a scroll of fear
Potions
 j - 3 potions of curing {unknown}
 o - a potion of cancellation {unknown}
 r - a potion of invisibility
 s - a potion of resistance


   Skills:
 + Level 4.5 Fighting
 + Level 5.1 Long Blades
 + Level 4.0 Armour
 + Level 3.0 Dodging
 + Level 0.2 Stealth


You had 4 spell levels left.
You didn't know any spells.
Your spell library was empty.

Dungeon Overview and Level Annotations

Branches:
Dungeon (3/15)

Altars:

Annotations:
D:3 1 runed translucent door, Crazy Yiuf


Innate Abilities, Weirdness & Mutations

You have a pair of horns on your head.
You reflexively headbutt those who attack you in melee.


Message History

The orc shouts!
The orc wizard barely misses you. The orc hits you but does no damage.
You hit the orc.
You kill the orc!
Trog accepts your kill.
The orc wizard gestures wildly while chanting.
The orc wizard flickers and vanishes!
Deactivating autopickup; reactivate with Ctrl-A.
Your Armour skill increases to level 4!
Something hits you.
You closely miss something. Something hits you but does no damage.
The orc barely misses you. You furiously retaliate!
You headbutt the orc. You barely miss something.
Your headbutt misses something. Something hits you but does no damage.
The orc hits you with a +0 hand axe. The orc barely misses you.
Something hits you but does no damage.
You slash something! The orc hits you with a +0 hand axe.
The orc hits you but does no damage. Something hits you.
You barely miss something. Your headbutt misses something.
The orc hits you but does no damage. The orc hits you with a +0 mace.
Something hits you. The orc hits you but does no damage.
The orc hits you with a +0 mace.
* * * LOW HITPOINT WARNING * * *
You barely miss something.
You hear some strange, mumbled words.
Something tries to affect you, but you resist.
The orc hits you with a +0 mace.
* * * LOW HITPOINT WARNING * * *
The orc closely misses you. You furiously retaliate!
You headbutt the orc!
You kill the orc!
Trog accepts your kill.
You barely miss something. Something hits you but does no damage.
The orc hits you but does no damage.
You hear some strange, mumbled words.
Something tries to affect you, but you resist.
The orc hits you with a +0 mace.
* * * LOW HITPOINT WARNING * * *
You hit the orc.
The orc is almost dead.
Something hits you but does no damage. The orc hits you with a +0 mace.
You die...

.# #....#
#.####### .#
♣).).♣
##....... .#
♣♣)..♣ ......#
.# ♣♣.♣♣
####....# .#
♣♣.♣ #.......#
.# ♣.♣♣
#.......# .#
♣♣.♣ #.....).+
## ♣.♣♣
#.....{.#####
# #+#
##...@o......
## ...
###.########.#
'# #...#
#.........>#.#
## #)..#
###..#####.#.#
<# #####
#....# #...#
## ####.#
#.### #.. #.#
##.####.####
#..........#


You could see an orc.

Vanquished Creatures
  A scorpion (D:3)
  A hound zombie (D:3)
  2 adders (D:2)
  A worm (D:3)
  4 dart slugs
  2 orcs (D:3)
  5 endoplasms
  2 giant cockroaches
  5 goblins
  3 hobgoblins
  4 jackals (D:3)
  4 quokkas
  4 ball pythons
  8 bats
  2 frilled lizards
  3 kobolds
  3 rats
54 creatures vanquished.

Vanquished Creatures (others)
  A fungus (D:1)
  A plant (D:1)
2 creatures vanquished.

Grand Total: 56 creatures vanquished

Notes
Turn   | Place    | Note
-------+----------+-------------------------------------------
     0 | D:1      | klau3 the Minotaur Berserker began the quest for the Orb.
     0 | D:1      | Reached XP level 1. HP: 19/19 MP: 0/0
   253 | D:1      | Reached skill level 4 in Long Blades
   253 | D:1      | Reached XP level 2. HP: 25/27 MP: 1/1
   769 | D:1      | Found a faded altar of an unknown god.
   970 | D:2      | Reached XP level 3. HP: 22/33 MP: 2/2
  1383 | D:2      | Reached ** piety under Trog
  1619 | D:2      | Reached XP level 4. HP: 41/41 MP: 3/3
  2112 | D:3      | Found a runed translucent door.
  2113 | D:3      | Noticed Crazy Yiuf
  2137 | D:3      | Noticed a scorpion
  2156 | D:3      | Killed a scorpion
  2157 | D:3      | Reached skill level 5 in Long Blades
  2214 | D:3      | Reached XP level 5. HP: 32/47 MP: 4/4
  2416 | D:3      | Slain by an orc

Illustrated notes

Levels and vault maps discovered:
D:1:      wander_arrival_fairy_ring, layout_loops_cross,
          ebering_ecumenical_altar_hall, st_stairs_8
D:2:      layout_basic, serial_rivers, chequers_serial_rivers_small_a,
          chequers_serial_rivers_marsh, chequers_serial_rivers_room_a,
          chequers_serial_rivers_marsh, chequers_serial_rivers_small_a,
          chequers_serial_rivers_marsh, minivault_27
D:3:      layout_basic, uniq_crazy_yiuf_cottage

Skill      XL: |  1  2  3  4  5 |
---------------+----------------+-----
Long Blades    | 4 5 |  5.1
Fighting       | 4 |  4.5
Armour         | 3 4 |  4.0
Dodging        | 3 |  3.0
Stealth        | |  0.2

Action                   |  1- 3 |  4- 6 || total
-------------------------+-------+-------++-------
Melee: Falchion          |   102 |    58 ||   160
       Headbutt          |    15 |     9 ||    24
       Punch             |     1 |       ||     1
Throw: Dart              |     1 |       ||     1
  Use: Scroll            |       |     5 ||     5
 Stab: Sleeping          |     1 |       ||     1
Armor: Animal skin       |     5 |       ||     5
       Scale mail        |    54 |    41 ||    95
       Leather armour    |     4 |       ||     4
Dodge: Dodged            |   103 |    40 ||   143
